 Dungeon Crawl Stone Soup version 0.25.0-46-gbd7b085 (webtiles) character file.

Game seed: 11564014897516161665

9161 DrMo the Fighter (level 11, -3/97 HPs)
             Began as a Pale Draconian Transmuter on July 15, 2020.
             Was an Elder of Sif Muna.
             Slain by a komodo dragon (24 damage)
             ... on level 1 of the Lair of Beasts.
             The game lasted 00:24:56 (14781 turns).

DrMo the Fighter (Pale Draconian Transmuter)       Turns: 14781, Time: 00:24:57

Health: -3/97      AC: 10    Str: 14    XL:     11   Next: 19%
Magic:  17/17      EV: 15    Int: 16    God:    Sif Muna [****..]
Gold:   672        SH:  0    Dex: 11    Spells: 11/18 levels left

rFire    . . .     SeeInvis .     - Unarmed
rCold    . . .     Gourm    .   (no shield)
rNeg     . . .     Faith    .   (armour unavailable)
rPois    .         Spirit   .   (helmet restricted)
rElec    .         Reflect  .   k - +2 cloak
rCorr    .         Harm     .   (no gloves)
MR       +....                  (no boots)
Stlth    +.........             (no amulet)
HPRegen  0.26/turn              o - +4 ring of slaying
MPRegen  0.15/turn              C - ring of protection from magic

@: appendage, lightly drained
A: breathe steam, unfitting armour, horns 2, cold-blooded, AC +7
a: Breathe Steam, End Transformation, Channel Magic, Forget Spell, Divine
Exegesis, Renounce Religion


You were on level 1 of the Lair of Beasts.
You worshipped Sif Muna.
Sif Muna was greatly pleased with you.
You were not hungry.
You had grown temporary horns.
You visited 2 branches of the dungeon, and saw 11 of its levels.

You collected 672 gold pieces.

Inventory:

Missiles
 a - 101 arrows
 y - a throwing net (quivered)
Armour
 e - a +0 buckler
 k - a +2 cloak (worn)
Jewellery
 j - an uncursed ring of flight
 o - a +4 ring of slaying (left hand)
 C - a ring of protection from magic (right hand)
Wands
 b - a wand of polymorph (9)
 f - a wand of paralysis (21)
 h - a wand of acid (4)
 p - a wand of digging (6)
Scrolls
 g - 3 scrolls of magic mapping
 i - a scroll of fog
 l - a scroll of immolation
 r - 3 scrolls of remove curse
 t - a scroll of vulnerability {unknown}
 w - a scroll of teleportation {unknown}
 A - a scroll of blinking
 D - a scroll of enchant armour
 E - a scroll of holy word {unknown}
Potions
 d - 2 potions of brilliance
 m - 2 potions of lignification
 n - a potion of might
 q - 4 potions of curing
 s - a potion of berserk rage {unknown}
 u - 2 potions of haste
 v - a potion of flight {unknown}
 x - a potion of stabbing {unknown}
 z - a potion of degeneration {unknown}
 B - a potion of invisibility {unknown}
Comestibles
 c - 19 rations


   Skills:
 + Level 9.0(8.8) Fighting
 + Level 7.6(7.4) Dodging
 * Level 8.5(8.3) Unarmed Combat
 - Level 4.0(3.8) Spellcasting
 - Level 8.2(8.0) Transmutations
 + Level 6.0(5.8) Ice Magic


You had 11 spell levels left.
You knew the following spells:

 Your Spells              Type           Power        Failure   Level  Hunger
a - Beastly Appendage     Tmut           ####..       1%          1    None
b - Sticks to Snakes      Tmut           ####....     1%          2    ##.....
c - Ice Form              Ice/Tmut       ####....     10%         4    ####...

Your spell library contained the following spells:

 Spells                   Type           Power        Failure   Level  Hunger
 Spider Form              Tmut/Pois      ###.......   10%         3    ###....
 Summon Small Mammal      Summ           #...         17%         1    None
 Blade Hands              Tmut           ####......   19%         5    ######.
 Call Imp                 Summ           #.......     26%         2    ##.....
 Call Canine Familiar     Summ           #.......     45%         3    ###....
 Summon Guardian Golem    Hex/Summ       #.......     45%         3    ###....
 Summon Ice Beast         Ice/Summ       ##......     45%         4    ####...
 Summon Lightning Spire   Summ/Air       #.......     86%         4    ####...


Dungeon Overview and Level Annotations

Branches:
Dungeon (10/15)            Temple (0/1) D:7            Lair (1/6) D:10
    Orc: D:9-12

Altars:
Fedhas
Kikubaaqudgha
Makhleb
Nemelex Xobeh
Qazlal
Sif Muna
Uskayaw
Vehumet
Xom
The Shining One

Shops:
D:4 }   D:7 :   D:10 *

Annotations:
D:3 Sigmund


Innate Abilities, Weirdness & Mutations

You can breathe blasts of scalding, opaque steam.
Your pale cyan-grey scales are hard. (AC +7)
You cannot fit into any form of body armour.
You are cold-blooded and may be slowed by cold attacks.
You have a pair of horns on your head.


Message History

You are too injured to fight recklessly!
You are too injured to fight recklessly!
You are too injured to fight recklessly!
Casting: Ice Form (dangerous; 10% risk of failure)
Confirm with . or Enter, or press ? or * to list all spells.
You grow a pair of large bovine horns.
The komodo dragon bites you!!
* * * LOW HITPOINT WARNING * * *
You punch the komodo dragon! Your headbutt misses the komodo dragon.
The komodo dragon is heavily wounded.
The komodo dragon bites you but does no damage.
You closely miss the komodo dragon.
You tail-slap the komodo dragon, but do no damage.
The komodo dragon is heavily wounded.
You closely miss the komodo dragon.
The komodo dragon is heavily wounded.
The komodo dragon bites you!!
* * * LOW HITPOINT WARNING * * *
Okay, then.
You feel much better. The komodo dragon bites you!!
You die...

#...####.....
##....#......
#............
##............
#.....<.......
#.............
#...........P#
##....##......
#..#.@##......
#...##.l.#......
#..# ##.........
##. ##.........
# #.........
#.............
#.............
###!..........
#...........


You could see a komodo dragon.

Vanquished Creatures
  Harold (D:7)
  A catoblepas (D:10)
  Pikel (D:7)
  An oklob plant (D:10)
  An ugly thing (D:8)
  A troll (D:10)
  A hippogriff (D:8)
  Eustachio (D:4)
  5 yaks (D:9)
  A human (D:9)
  2 hogs (D:9)
  Menkaure (D:7)
  Edmund (D:3)
  4 orc warriors
  4 sky beasts
  An ice beast (D:8)
  2 slaves (D:7)
  5 ogres
  A tengu (D:6)
  A phantom (D:3)
  2 necrophages
  A crocodile (D:10)
  3 centaurs
  A big kobold (D:7)
  6 bullfrogs
  A wyvern zombie (D:7)
  4 killer bees (D:10)
  5 wights
  5 howler monkeys
  A centaur zombie (D:8)
  4 crimson imps
  A bullfrog zombie (D:5)
  6 orc priests
  5 hounds
  2 jellies
  14 orc wizards
  A centaur skeleton (D:10)
  8 iguanas
  4 worker ants (D:5)
  2 hound skeletons
  A worker ant zombie (D:9)
  18 adders
  3 shadow imps
  An ooze (D:3)
  An adder zombie (D:5)
  5 worms
  A dart slug (D:2)
  4 leopard geckos
  35 orcs
  5 ball pythons
  4 giant cockroaches
  4 goblins
  6 hobgoblins
  16 jackals
  A quokka (D:7)
  A ball python skeleton (D:5)
  5 bats
  8 frilled lizards
  13 kobolds
  2 quokka skeletons
  9 rats
  A plant (D:10)
256 creatures vanquished.

Vanquished Creatures (collateral kills)
  A hog (D:9)
  Terence (D:3)
  A leopard gecko (D:4)
  An orc (D:9)
  A hobgoblin (D:3)
5 creatures vanquished.

Vanquished Creatures (others)
  A scorpion (D:7)
  A quokka (D:7)
2 creatures vanquished.

Grand Total: 263 creatures vanquished

Notes
Turn   | Place    | Note
-------+----------+-------------------------------------------
     0 | D:1      | DrMo the Draconian Transmuter began the quest for the Orb.
     0 | D:1      | Reached XP level 1. HP: 16/16 MP: 3/3
   262 | D:1      | Reached XP level 2. HP: 23/23 MP: 5/5
  1298 | D:2      | Reached XP level 3. HP: 17/28 MP: 6/6
  1605 | D:2      | Found a sparkling altar of Nemelex Xobeh.
  1786 | D:2      | Found a shimmering altar of Xom.
  1943 | D:2      | Reached XP level 4. HP: 34/35 MP: 7/7
  2341 | D:3      | Found a shimmering blue altar of Sif Muna.
  2350 | D:3      | Became a worshipper of Sif Muna the Loreminder
  2374 | D:3      | Noticed Sigmund
  2817 | D:3      | Reached skill level 2 in Fighting
  2837 | D:3      | Reached XP level 5. HP: 34/41 MP: 6/8
  2867 | D:3      | Learned a level 2 spell: Sticks to Snakes
  2872 | D:3      | Learned a level 4 spell: Ice Form
  2924 | D:3      | Noticed a phantom
  2950 | D:3      | Noticed Terence
  3012 | D:3      | Reached * piety under Sif Muna
  3020 | D:3      | Killed Terence
  3043 | D:3      | Killed a phantom
  3043 | D:3      | Reached skill level 1 in Ice Magic
  3715 | D:4      | Reached XP level 6. HP: 40/50 MP: 10/10
  3809 | D:4      | Found Vidghiv's Gadget Boutique.
  4311 | D:4      | Noticed Edmund
  4349 | D:3      | Killed Edmund
  4349 | D:3      | Reached skill level 3 in Fighting
  4349 | D:3      | Your scales start taking on a pale cyan-grey colour.
  4349 | D:3      | Reached XP level 7. HP: 23/57 MP: 6/11
  4856 | D:5      | Entered Level 5 of the Dungeon
  4857 | D:5      | Noticed Eustachio
  4900 | D:4      | Killed Eustachio
  5321 | D:5      | Reached ** piety under Sif Muna
  6227 | D:6      | Reached XP level 8. HP: 58/66 MP: 13/13
  6283 | D:6      | Reached skill level 4 in Fighting
  6437 | D:6      | Found a blossoming altar of Fedhas.
  6872 | D:6      | Found a radiant altar of Vehumet.
  7180 | D:6      | Reached skill level 5 in Fighting
  7666 | D:7      | Reached skill level 5 in Transmutations
  7713 | D:7      | Noticed Harold
  7750 | D:7      | Killed Harold
  7750 | D:7      | Reached skill level 6 in Fighting
  7750 | D:7      | Reached skill level 5 in Dodging
  7750 | D:7      | Reached skill level 5 in Ice Magic
  7750 | D:7      | Reached XP level 9. HP: 15/75 MP: 13/15
  8192 | D:7      | Found Cijit's Book Boutique.
  8229 | D:7      | Noticed Menkaure
  8236 | D:7      | Killed Menkaure
  8274 | D:7      | Noticed Pikel
  8300 | D:7      | Paralysed by Pikel for 3 turns
  8305 | D:7      | Killed Pikel
  8305 | D:7      | Reached skill level 7 in Fighting
  8846 | D:7      | Found a staircase to the Ecumenical Temple.
  9227 | D:7      | Reached skill level 5 in Unarmed Combat
  9240 | D:8      | Reached *** piety under Sif Muna
  9410 | D:8      | Found a hide-covered altar of Uskayaw.
  9604 | D:8      | Reached XP level 10. HP: 86/86 MP: 11/16
 10114 | D:8      | Noticed a red ugly thing
 10123 | D:8      | Killed a red ugly thing
 10806 | D:9      | Found an ancient bone altar of Kikubaaqudgha.
 11188 | D:9      | Reached skill level 8 in Fighting
 11190 | D:9      | Reached **** piety under Sif Muna
 11515 | D:9      | Found a stormy altar of Qazlal.
 11546 | D:9      | Found a burning altar of Makhleb.
 11546 | D:9      | Found a stormy altar of Qazlal.
 12232 | D:10     | Entered Level 10 of the Dungeon
 12232 | D:10     | Found Juch's Assorted Antiques.
 13168 | D:10     | Reached XP level 11. HP: 49/95 MP: 12/17
 13760 | D:10     | Noticed an oklob plant
 13762 | D:10     | Found a staircase to the Lair.
 13804 | D:10     | Noticed a catoblepas
 14101 | D:10     | Killed a catoblepas
 14171 | D:10     | Found a glowing golden altar of the Shining One.
 14737 | D:10     | Killed an oklob plant
 14737 | D:10     | Reached skill level 9 in Fighting
 14760 | Lair:1   | Entered Level 1 of the Lair of Beasts
 14776 | Lair:1   | HP: 3/97 [komodo dragon (23)]
 14781 | Lair:1   | Slain by a komodo dragon

Illustrated notes

Levels and vault maps discovered:
D:1:      roderic_chinese_lattice_arrival, layout_loops_ring, minmay_tromino_v2
D:2:      layout_basic, lemuel_doored_altar, nemelex_xobeh_ov_fountains_minmay
D:3:      minmay_recursive_quarters, layout_loops_ring,
          overflow_temple_1_default, uniq_sigmund, uniq_terence
D:4:      layout_loops_cross, first_ration, serial_shops, shop,
          ebering_dispersal_statue_hall, uniq_edmund
D:5:      layout_basic, uniq_eustachio
D:6:      minmay_skewed_foursquare, layout_loops_ring, old_standard_altar,
          fedhas_altar_fruit_tree
D:7:      layout_loops_ring, minmay_temple_entry_proselytizer, serial_shops,
          nicolae_shop_trees, uniq_harold, uniq_pikel, uniq_menkaure
D:8:      layout_rooms, minmay_ruined_shrine
D:9:      layout_gridville, lemuel_crystal_altar,
          gammafunk_temple_overflow_pools, basic_altar, grunt_livestock
D:10:     layout_basic, dpeg_oklobed_lair, serial_shops, shop_statue,
          grunt_decor_resistance, nicolae_tso_carved_into_rock
Lair:1:   layout_cave_shapes, special_room [special_room_bee],
          grunt_megastairs_5, minmay_lair_oklob_chamber

Skill      XL: |  1  2  3  4  5  6  7  8  9 10 11 |
---------------+----------------------------------+-----
Dodging        | 2 3 5 6 7 |  7.6
Unarmed Combat | 4 5 8 |  8.5
Fighting       | 2 3 6 7 8 9 |  9.0
Ice Magic      | 1 2 3 5 6 |  6.0
Spellcasting   | 3 4 |  4.0
Transmutations | 3 4 5 6 8 |  8.2

Action                   |  1- 3 |  4- 6 |  7- 9 | 10-12 || total
-------------------------+-------+-------+-------+-------++-------
Melee: Unarmed           |   155 |   215 |   301 |   263 ||   934
       Tailslap          |    17 |    14 |    34 |    24 ||    89
       Kick              |     4 |     4 |     1 |       ||     9
       Punch             |     1 |     3 |     5 |     6 ||    15
 Cast: Beastly Appendage |     2 |     3 |     2 |     1 ||     8
       Sticks to Snakes  |       |     9 |     8 |     6 ||    23
       Ice Form          |       |       |     4 |    13 ||    17
Invok: Channel Magic     |       |       |     1 |       ||     1
 Abil: Breathe Steam     |       |       |    10 |    10 ||    20
       End Transformatio |       |       |     1 |       ||     1
Evoke: Wand              |       |       |     4 |     3 ||     7
  Use: Scroll            |     1 |     5 |     4 |     8 ||    18
       Potion            |       |     1 |     2 |     2 ||     5
 Stab: Sleeping          |     1 |     1 |       |       ||     2
  Eat: Chunk             |     3 |     8 |    20 |    12 ||    43
       Ration            |       |       |       |     3 ||     3
Armor: Skin              |    29 |    69 |    73 |    75 ||   246
Dodge: Dodged            |    94 |   144 |   210 |   147 ||   595
